 Dungeon Crawl Stone Soup version 0.29-a0-362-g5854e031c7 (webtiles) character file.

Game seed: 15688108617212140761

70 pokeman the Magician (level 4, -5/25 HPs)
             Began as a Deep Elf Hedge Wizard on Apr 29, 2022.
             Killed from afar by Robin (7 damage)
             ... with a puff of flame
             ... on level 2 of the Dungeon.
             The game lasted 00:05:52 (1649 turns).

pokeman the Magician (Deep Elf Hedge Wizard)        Turns: 1649, Time: 00:05:54

Health: -5/25      AC:  2    Str:  7    XL:     4   Next: 3%
Magic:  20/22      EV: 12    Int: 21    God:
Gold:   110        SH:  0    Dex: 14    Spells: 2/13 levels left

rFire   . . .      SeeInvis .   l - +0 hunting sling (flame)
rCold   . . .      Faith    .   (no shield)
rNeg    . . .      Spirit   .   b - +0 robe
rPois   .          Reflect  .   c - +0 hat
rElec   .          Harm     .   (no cloak)
rCorr   .          Rampage  .   (no gloves)
Will    .....                   (no boots)
Stlth   ++........              (no amulet)
HPRegen 0.08/turn               m - ring of magical power
MPRegen 0.18/turn               (no ring)

@: no status effects
A: no striking features
a: no special abilities


You were on level 2 of the Dungeon.
You visited 1 branch of the dungeon, and saw 2 of its levels.

You collected 110 gold pieces.

Inventory:

Hand Weapons
 l - a +0 hunting sling of flaming (weapon)
Armour
 b - a +0 robe (worn)
 c - a +0 hat (worn)
Jewellery
 m - a ring of magical power (left hand)
Scrolls
 f - 2 scrolls of noise {unknown}
 g - a scroll of fear {unknown}
 h - 3 scrolls of teleportation {unknown}
 i - a scroll of fog {unknown}
 j - a scroll of acquirement {unknown}
 k - 2 scrolls of amnesia {unknown}
 n - 3 scrolls of identify {unknown}
 o - a scroll of torment {unknown}
Potions
 a - a potion of brilliance {unknown}
 d - 2 potions of magic
 e - a potion of might {unknown}


   Skills:
 - Level 1.0 Fighting
 - Level 1.0 Armour
 + Level 2.6 Dodging
 - Level 2.4 Stealth
 * Level 5.4 Spellcasting
 + Level 2.0 Conjurations
 - Level 1.1 Summonings
 - Level 1.1 Translocations
 + Level 0.1 Fire Magic


You had 2 spell levels left.
You knew the following spells:

 Your Spells              Type           Power      Damage    Failure   Level
a - Magic Dart            Conj           56%        1d5       4%          1
b - Mephitic Cloud        Conj/Pois/Air  8%         N/A       24%         3
c - Call Imp              Summ           10%        N/A       10%         2
d - Blink                 Tloc           20%        N/A       10%         2
e - Conjure Flame         Conj/Fire      10%        6-21      21%         3

Your spell library contained the following spells:

 Spells                   Type           Power      Damage    Failure   Level
 Slow                     Hex            20%        N/A       11%         1


Dungeon Overview and Level Annotations

Branches:
Dungeon (2/15)

Altars:

Annotations:
D:2 Robin


Message History

Fire: l) +0 hunting sling (flame)
Press: ? - help, Q - select action, (/) - cycle Shift-Dir - straight line, f/p - Robin
Aim: Robin, wielding a +0 trident, wearing a +0 animal skin, wearing a +0 helmet and carrying a wand of flame (21) (severely wounded, confused, 80% to hit)
You shoot a sling bullet. The sling bullet barely misses Robin.
The goblin no longer looks unusually strong.
The goblin shoots a sling bullet.
The sling bullet barely misses you.
The sling bullet hits Robin.
Robin misses you.
Fire: l) +0 hunting sling (flame)
Press: ? - help, Q - select action, (/) - cycle Shift-Dir - straight line, f/p - Robin
Aim: Robin, wielding a +0 trident, wearing a +0 animal skin, wearing a +0 helmet and carrying a wand of flame (21) (almost dead, confused, 80% to hit)
You shoot a sling bullet.
The sling bullet hits Robin but does no damage.
Robin is almost dead.
The goblin shoots a sling bullet.
The sling bullet barely misses you.
The sling bullet barely misses Robin.
The goblin shoots a sling bullet.
The sling bullet barely misses you.
Fire: l) +0 hunting sling (flame)
Press: ? - help, Q - select action, (/) - cycle Shift-Dir - straight line, f/p - Robin
Aim: Robin, wielding a +0 trident, wearing a +0 animal skin, wearing a +0 helmet and carrying a wand of flame (21) (almost dead, confused, 80% to hit)
You shoot a sling bullet. The sling bullet barely misses Robin.
Robin closely misses you.
The goblin shoots a sling bullet.
The sling bullet barely misses you.
Fire: l) +0 hunting sling (flame)
Press: ? - help, Q - select action, (/) - cycle Shift-Dir - straight line, f/p - Robin
Aim: Robin, wielding a +0 trident, wearing a +0 animal skin, wearing a +0 helmet and carrying a wand of flame (21) (almost dead, confused, 80% to hit)
You shoot a sling bullet.
The sling bullet hits Robin but does no damage.
Robin is almost dead.
Robin seems less confused.
Robin misses you.
Fire: l) +0 hunting sling (flame)
Press: ? - help, Q - select action, (/) - cycle Shift-Dir - straight line, f/p - Robin
Aim: Robin, wielding a +0 trident, wearing a +0 animal skin, wearing a +0 helmet and carrying a wand of flame (21) (almost dead, 62% to hit)
You shoot a sling bullet. The sling bullet barely misses Robin.
Robin hits you from afar with a +0 trident.
* * * LOW HITPOINT WARNING * * *
The goblin unwields a +0 hunting sling.
The goblin wields a +0 dagger.
The goblin hits you with a +0 dagger.
* * * LOW HITPOINT WARNING * * *
Robin zaps a wand.
The puff of flame hits you!
You die...

##########
#######.K.g)g
.........#
##########.
.........# #......#
#. .........#
#......# ##
####.....#
#......###.
###...#######
#......#...
##.......g##
#........##
#.######..##
#.......## #.#
##.@######......##
#.# ##.g#...g......#
#.# ##.)...#...####
#.# ##...#....## #.#
#..##....## #.#
#.###.##.###
#######.#
###.###.##...#
........#
##...#...##.#.#######
........###
#..##..#.............


You could see Robin and a goblin.

Vanquished Creatures
  Terence (D:2)
  2 worms (D:2)
  A bat (D:1)
  2 endoplasms
  2 giant cockroaches (D:1)
  7 goblins
  9 hobgoblins
  3 jackals (D:1)
  3 kobolds
  3 ball pythons (D:1)
  A frilled lizard (D:1)
  A rat (D:1)
35 creatures vanquished.

Notes
Turn   | Place    | Note
-------+----------+-------------------------------------------
     0 | D:1      | pokeman the Deep Elf Hedge Wizard began the quest for the
                  | Orb.
     0 | D:1      | Reached XP level 1. HP: 10/10 MP: 7/7
   293 | D:1      | Reached XP level 2. HP: 14/16 MP: 1/9
   610 | D:1      | Found a faded altar of an unknown god.
  1021 | D:1      | Reached skill level 5 in Spellcasting
  1154 | D:2      | Reached XP level 3. HP: 20/20 MP: 11/11
  1225 | D:2      | Noticed Robin
  1270 | D:1      | Learned a level 3 spell: Mephitic Cloud
  1273 | D:1      | Learned a level 2 spell: Call Imp
  1276 | D:1      | Learned a level 2 spell: Blink
  1280 | D:1      | Learned a level 3 spell: Conjure Flame
  1386 | D:2      | Reached skill level 1 in Armour
  1428 | D:2      | Noticed Terence
  1436 | D:2      | Killed Terence
  1437 | D:2      | Reached skill level 1 in Fighting
  1629 | D:2      | Reached XP level 4. HP: 25/25 MP: 13/13
  1649 | D:2      | Killed from afar by Robin

Illustrated notes

Levels and vault maps discovered:
D:1:      dpeg_arrival_lava_temple_mockup, layout_basic,
          hellmonk_ecumenical_altar_heavens_door
D:2:      layout_rooms, uniq_robin, uniq_terence

Skill      XL: |  1  2  3 |
---------------+----------+-----
Spellcasting   | 5 |  5.4
Armour         | 1 |  1.0
Fighting       | 1 |  1.0
Conjurations   | 2 |  2.0
Dodging        | |  2.6
Stealth        | |  2.4
Summonings     | |  1.1
Translocations | |  1.1
Fire Magic     | |  0.1

Action                   |  1- 3 |  4- 6 || total
-------------------------+-------+-------++-------
Melee: Dagger            |     6 |       ||     6
 Fire: Hunting sling     |    23 |    16 ||    39
 Cast: Magic Dart        |    55 |     1 ||    56
       Mephitic Cloud    |     1 |     1 ||     2
       Conjure Flame     |     1 |       ||     1
 Stab: Sleeping          |     2 |       ||     2
Armor: Robe              |     2 |       ||     2
Dodge: Dodged            |    13 |    15 ||    28

Table legend: (Time is in decaauts)
 A = Elapsed time spent in this place.
 B = Non-inter-level travel time spent in this place.
 C = Inter-level travel time spent in this place.
 D = Time resting spent in this place.
 E = Time spent auto-exploring this place.
 F = Levels seen in this place.
 G = Mean time per level.
                   A        B        C        D        E       F      G
               +--------+--------+--------+--------+--------+-----+--------+
         Total |   1667 |   1567 |    100 |     78 |   1223 |   2 |  833.5 |
       Dungeon |   1667 |   1567 |    100 |     78 |   1223 |   2 |  833.5 |
               +--------+--------+--------+--------+--------+-----+--------+

Top non-repeatable levels by time:
     D:1: 1169 daAuts
     D:2: 498 daAuts
